 Dungeon Crawl Stone Soup version 0.28-a0-1504-g839a4452db (console) character file.

Game seed: 3253382599143125360

39 Banquo the Chopper (level 3, -2/31 HPs)
             Began as a Draconian Cinder Acolyte on Jan 13, 2022.
             Was a High Priest of Ignis.
             Slain by a gnoll (7 damage)
             ... on level 1 of the Dungeon.
             The game lasted 00:03:25 (1368 turns).

Banquo the Chopper (Draconian Cinder Acolyte)       Turns: 1368, Time: 00:03:26

Health: -2/31      AC:  5    Str: 16    XL:     3   Next: 28%
Magic:  4/4        EV: 11    Int: 16    God:    Ignis [*****.]
Gold:   37         SH:  0    Dex:  6    Spells: 4/4 levels left

rFire   + . .      SeeInvis .   a - -1 hand axe (flame)
rCold   . . .      Faith    .   (no shield)
rNeg    . . .      Spirit   .   (armour unavailable)
rPois   .          Reflect  .   (helmet restricted)
rElec   .          Harm     .   (no cloak)
rCorr   .          Rampage  .   (no gloves)
Will    .....                   (no boots)
Stlth   +.........              (no amulet)
HPRegen 0.10/turn               (no ring)
MPRegen 0.09/turn               (no ring)

@: no status effects
A: AC +5, unfitting armour, cold-blooded
a: Renounce Religion, Fiery Armour, Foxfire Swarm, Rising Flame


You were on level 1 of the Dungeon.
You worshipped Ignis.
Ignis was extremely pleased with you.
You visited 1 branch of the dungeon, and saw 2 of its levels.

You collected 37 gold pieces.

Inventory:

Hand Weapons
 a - a -1 hand axe of flaming (weapon)
 b - a +0 short sword of electrocution
 f - a +0 trident
Missiles
 c - 21 stones (quivered)
Scrolls
 d - 2 scrolls of teleportation {unknown}
 e - a scroll of torment {unknown}


   Skills:
 + Level 3.5 Fighting
 * Level 3.8 Axes
 + Level 0.2 Dodging
 + Level 1.1 Spellcasting
 + Level 3.3 Fire Magic


You had 4 spell levels left.
You didn't know any spells.
Your spell library contained the following spells:

 Spells                   Type           Power      Damage    Failure   Level
 Scorch                   Fire           22%        2d6       9%          2


Dungeon Overview and Level Annotations

Branches:
Dungeon (2/15)

Altars:


Innate Abilities, Weirdness & Mutations

Your plain brown scales are hard. (AC +5)
You cannot fit into any form of body armour.
You are cold-blooded and may be slowed by cold attacks.


Message History

You hit the goblin but do no damage. The goblin barely misses you.
You hit the goblin. You burn the goblin.
You kill the goblin!
No target in view!
No target in view!
HP restored.
You now have 37 gold pieces (gained 9).
A gnoll and an endoplasm come into view.
The gnoll is wielding a +1 flail of protection.
The gnoll shouts!
The endoplasm quivers.
The endoplasm moves out of view. 2 gnolls come into view.
The gnoll shouts! x2
There is a stone staircase leading up here.
The gnoll hits you with a +1 flail of protection!
You climb upwards.
There is a stone staircase leading down here.
You barely miss the gnoll.
You tail-slap the gnoll, but do no damage.
The gnoll closely misses you.
You barely miss the gnoll. The gnoll closely misses you.
You barely miss the gnoll.
You tail-slap the gnoll, but do no damage.
The gnoll barely misses you.
You hit the gnoll but do no damage.
You tail-slap the gnoll, but do no damage.
The gnoll closely misses you.
You hit the gnoll but do no damage.
The gnoll hits you with a +1 flail of protection.
You hit the gnoll but do no damage. The gnoll barely misses you.
You closely miss the gnoll.
The gnoll hits you with a +1 flail of protection.
The gnoll misses you.
You barely miss the gnoll.
The gnoll hits you with a +1 flail of protection!
* * * LOW HITPOINT WARNING * * *
You barely miss the gnoll.
The gnoll hits you with a +1 flail of protection!
You die...

#.# #.###... #####.#
#.##.... #.....#
#.##.... #.#####
#.##.... #.#
#####.##.... #.#
#.....##.... #.#
#.######.... ####g#
#.## #.... #..@.# #..#
##)... #.####
##.####.....
###.#######.#.##......
#..#....†..###........
#.#.##.####.#.####.##.
#.#.##.# ##.## #....
#.#.##.#####.## #.##.
#........)....# #.##.
##.###.####.#.####.###


You could see a gnoll.

Vanquished Creatures
  3 bats (D:1)
  An endoplasm (D:1)
  A giant cockroach (D:1)
  5 goblins
  3 hobgoblins (D:1)
  4 jackals (D:1)
  6 ball pythons
  8 frilled lizards (D:1)
  3 kobolds (D:1)
  2 rats (D:1)
  A spectral kobold (D:1)
37 creatures vanquished.

Notes
Turn   | Place    | Note
-------+----------+-------------------------------------------
     0 | D:1      | Banquo the Draconian Cinder Acolyte began the quest for the
                  | Orb.
     0 | D:1      | Reached XP level 1. HP: 19/19 MP: 2/2
   348 | D:1      | Reached XP level 2. HP: 23/26 MP: 3/3
   737 | D:1      | Reached XP level 3. HP: 31/31 MP: 4/4
   885 | D:1      | Found a faded altar of an unknown god.
  1368 | D:1      | Slain by a gnoll

Illustrated notes

Levels and vault maps discovered:
D:1:      psy_arrival_spokes, layout_loops_ring,
          dreamdust_ecumenical_altar_drowned_temple, wad_floor_pattern_1,
          minmay_lizard_pond
D:2:      layout_rooms, serial_shops, nicolae_shop_behind_doors, shop, shop,
          shop, minmay_crystal_room

Action                   || total
-------------------------++-------
Melee: Hand axe          ||   124
       Tailslap          ||     9
Armor: Skin              ||    46
Dodge: Dodged            ||    84

Table legend: (Time is in decaauts)
 A = Elapsed time spent in this place.
 B = Non-inter-level travel time spent in this place.
 C = Inter-level travel time spent in this place.
 D = Time resting spent in this place.
 E = Time spent auto-exploring this place.
 F = Levels seen in this place.
 G = Mean time per level.
                   A        B        C        D        E       F      G
               +--------+--------+--------+--------+--------+-----+--------+
         Total |   1392 |   1309 |     83 |      0 |   1059 |   2 |  696.0 |
       Dungeon |   1392 |   1309 |     83 |      0 |   1059 |   2 |  696.0 |
               +--------+--------+--------+--------+--------+-----+--------+

Top non-repeatable levels by time:
     D:1: 1332 daAuts
     D:2: 60 daAuts
